 Dungeon Sprint DCSS version 0.20-a0-1008-g0de3dc5 (webtiles) character file.

21488 Monsterracer the Warrior (level 12, 0/132 HPs)
             Began as a Minotaur Berserker on Apr 14, 2017.
             Was the Champion of Trog.
             Slain by an azure jelly (26 damage)
             ... in the Dungeon (Sprint III: "The Ten Rune Challenge").
             The game lasted 00:10:14 (3466 turns).

Monsterracer the Warrior (Minotaur Berserker)       Turns: 3466, Time: 00:10:15

Health: 0/132      AC:  9    Str: 24    XL:     12   Next: 54%
Magic:  11/11      EV: 26    Int:  4    God:    Trog [******]
Gold:   20         SH:  0    Dex: 18    Spells: 11/11 levels left

rFire    + . .     SeeInvis .   a - +12 great mace of Urgency {drain, rF+ Dex+3}
rCold    . . .     Gourm    .   (shield currently unavailable)
rNeg     . . .     Faith    .   o - +0 ring mail {MR+}
rPois    .         Spirit   .   (helmet restricted)
rElec    .         Reflect  .   (no cloak)
rCorr    .         Harm     .   (no gloves)
MR       +++..     NoTele   +   (no boots)
Stlth    +.........             (no amulet)
Regen    1.4/turn               (no ring)
MPRegen  0.2/turn               (no ring)

@: exhausted, very slightly contaminated, starving, regenerating, slowed, very
slow
A: retaliatory headbutt, horns 2, strong 1, wild magic 1
a: Berserk, Trog's Hand, Brothers in Arms, Burn Spellbooks, Renounce Religion


You were in the Dungeon.
You worshipped Trog.
Trog was exalted by your worship.
You were starving.

You visited 1 branch You collected 20 gold pieces.

Inventory:

Hand Weapons
 a - the +12 great mace of Urgency (weapon) {drain, rF+ Dex+3}
   (Trog gifted it to you in the Dungeon)

   A truly terrible weapon, it drains the life of those it strikes.
   It affects your dexterity (+3).
   It protects you from fire.
Armour
 o - a +0 ring mail of magic resistance (worn)
Scrolls
 l - 3 scrolls of identify
Potions
 d - a potion of curing
 e - a potion of heal wounds
 f - a potion of haste
 g - 2 potions of magic
 h - a potion of berserk rage
 j - 3 potions of mutation
 p - 3 potions of flight
Comestibles
 c - a bread ration
 n - 7 fruits
 s - 2 royal jellies


   Skills:
 + Level 19.9 Fighting
 - Level 14.0 Maces & Flails
 + Level 19.8 Armour
 + Level 18.5 Dodging


You had 11 spell levels left.
You didn't know any spells.

Dungeon Overview and Level Annotations

Branches:
Dungeon (1/1)

Altars:
Dithmenos
Elyvilon
Fedhas
Okawaru
Ru
Trog
Uskayaw
Wu Jian
Yredelemnul
Zin
The Shining One
Beogh


Innate Abilities, Weirdness & Mutations

You reflexively headbutt those who attack you in melee.
You have a pair of horns on your head.
Your muscles are strong. (Str +2)
Your spells are a little harder to cast, but a little more powerful.


Message History

Your stone giant misses the azure jelly.
The azure jelly hits your stone giant!
The azure jelly freezes your stone giant!!
The azure jelly hits your stone giant but does no damage.
The azure jelly hits your stone giant.
The azure jelly hits your stone giant but does no damage.
Your stone giant hits the azure jelly!!
The azure jelly dies!
Trog accepts your kill.
Your stone giant barely misses the azure jelly.
The azure jelly hits your stone giant!
The azure jelly freezes your stone giant!!
Your stone giant dies!
Your stone giant's corpse disappears in a puff of smoke!
You enter the shallow water.
Moving in this stuff is going to be slow.
The azure jelly closely misses you. The azure jelly hits you.
* * * LOW HITPOINT WARNING * * *
The azure jelly freezes you!!
You die...

###..##...##.....#...#
##†.##....#......#+###
#..###..##.#.....# #[.#
#.. ####....#
▓▓▓▓▓▓▓▓▓▓▓▓▓▓▓▓▓▓▓▓▓▓
▓...+≈≈.≈§§≈≈≈♣♣.....♣♣
▓..P#≈≈§§§§≈≈≈♣♣.≈≈≈≈'♣
▓.PP#≈≈§§§§§≈.≈'÷....#.
▓...#≈@§§§§§≈≈♣♣♣♣♣♣♣#.
▓..§#≈.J≈≈≈≈≈≈♣ ##
▓##)####'#######♣ ♣♣♣
▓....JJ...).....♣♣ ♣..
▓#'#############'♣ ♣♣.
▓...#≈P....÷))...♣ ♣.
▓...+≈≈...########♣♣ ♣♣
▓...#≈≈≈.........PP♣ ♣♣
▓...#≈≈≈≈P....†...P♣ ♣.


You could see an azure jelly.

Vanquished Creatures
  Rupert (D)
  Gastronok (D)
  2 dire elephants (D)
  Erolcha (D)
  2 hydras (D)
  4 death yaks (D)
  Urug (D)
  2 death drakes (D)
  A spriggan druid (D)
  A deep elf mage (D)
  2 elephants (D)
  2 black mambas (D)
  A rime drake (D)
  2 spiny frogs (D)
  A komodo dragon (D)
  2 tyrant leeches (D)
  8 blink frogs (D)
  2 snapping turtles (D)
  3 wandering mushrooms (D)
  A shadow (D)
  2 spriggans (D)
  4 redbacks (D)
  A swamp drake (D)
  A necrophage (D)
  5 two-headed ogres (D)
  A water elemental (D)
  An electric eel (D)
  A jelly (D)
  A necromancer (D)
  3 humans (D)
  A wolf (D)
  An ooze (D)
  3 rats (D)
65 creatures vanquished.

Vanquished Creatures (collateral kills)
  2 azure jellies (D)
  A lindwurm (D)
  A redback (D)
4 creatures vanquished.

Vanquished Creatures (others)
  2 draconian scorchers (D)
  6 hellions (D)
  3 yaktaurs (D)
  4 plants (D)
  4 tentacles (D)
19 creatures vanquished.

Grand Total: 88 creatures vanquished

Notes
Turn   | Place    | Note
-------+----------+-------------------------------------------
     0 | D        | Monsterracer the Minotaur Berserker began the quest for the Orb.
     0 | D        | Reached XP level 1. HP: 19/19 MP: 0/0
     9 | D        | Reached skill level 5 in Maces & Flails
    25 | D        | Reached ** piety under Trog
    35 | D        | Noticed a wolf
    47 | D        | Reached XP level 2. HP: 12/26 MP: 1/1
    48 | D        | Reached XP level 3. HP: 14/31 MP: 2/2
    98 | D        | Killed a hellion
   115 | D        | Killed a hellion
   123 | D        | Killed a hellion
   125 | D        | Killed a hellion
   125 | D        | Killed a hellion
   136 | D        | Killed a hellion
   154 | D        | Killed a white draconian scorcher
   234 | D        | Killed a white draconian scorcher
   302 | D        | Noticed a water elemental
   310 | D        | Killed a water elemental
   310 | D        | Reached *** piety under Trog
   310 | D        | Reached XP level 4. HP: 21/41 MP: 3/3
   354 | D        | Killed a yaktaur
   494 | D        | Gained mutation: Your spells are a little harder to cast, but a little more powerful. [potion of mutation]
   494 | D        | Gained mutation: Your muscles are strong. (Str +2) [potion of mutation]
   503 | D        | Found a glowing silver altar of Zin.
   504 | D        | Found a glowing golden altar of the Shining One.
   504 | D        | Found a white marble altar of Elyvilon.
   504 | D        | Noticed a deep elf mage
   509 | D        | Killed a deep elf mage
   509 | D        | Reached XP level 5. HP: 53/53 MP: 4/4
   509 | D        | Reached XP level 6. HP: 61/61 MP: 5/5
   565 | D        | Found a hide-covered altar of Uskayaw.
   565 | D        | Found a roughly hewn altar of Beogh.
   565 | D        | Found an iron altar of Okawaru.
   565 | D        | Found a bloodstained altar of Trog.
   565 | D        | Found an ornate altar of the Wu Jian Council.
   565 | D        | Noticed a human
   565 | D        | Noticed a human
   569 | D        | Killed a human
   569 | D        | Reached XP level 7. HP: 69/69 MP: 6/6
   572 | D        | Killed a human
   572 | D        | Reached **** piety under Trog
   616 | D        | Found a basalt altar of Yredelemnul.
   616 | D        | Found a shadowy altar of Dithmenos.
   616 | D        | Found a sacrificial altar of Ru.
   665 | D        | Noticed a shadow
   671 | D        | Killed a shadow
   671 | D        | Reached XP level 8. HP: 79/79 MP: 7/7
   673 | D        | Reached ***** piety under Trog
   713 | D        | Received a gift from Trog
   713 | D        | Reached skill level 10 in Fighting
   944 | D        | Reached skill level 10 in Armour
   987 | D        | Noticed a two-headed ogre
   991 | D        | Killed a two-headed ogre
  1035 | D        | Noticed a two-headed ogre
  1035 | D        | Noticed Erolcha
  1038 | D        | Killed Erolcha
  1038 | D        | Reached XP level 9. HP: 64/90 MP: 8/8
  1044 | D        | Killed a two-headed ogre
  1300 | D        | Noticed a wandering mushroom
  1308 | D        | Noticed a wandering mushroom
  1311 | D        | Noticed a wandering mushroom
  1497 | D        | Noticed a spiny frog
  1497 | D        | Noticed a komodo dragon
  1497 | D        | Noticed a spiny frog
  1500 | D        | Killed a spiny frog
  1500 | D        | Received a gift from Trog
  1503 | D        | Killed a spiny frog
  1503 | D        | Reached ****** piety under Trog
  1508 | D        | Killed a komodo dragon
  1508 | D        | Reached XP level 10. HP: 103/103 MP: 9/9
  1699 | D        | Noticed a lindwurm
  1703 | D        | Killed a lindwurm
  1703 | D        | Received a gift from Trog
  1706 | D        | Got a smoking great mace {god gift}
  1707 | D        | Identified the +12 great mace of Urgency {drain, rF+ Dex+3} (Trog gifted it to you in the Dungeon)
  1964 | D        | Noticed Urug
  1969 | D        | Killed Urug
  1969 | D        | Reached skill level 15 in Fighting
  2008 | D        | Noticed a seven-headed hydra
  2008 | D        | Noticed a four-headed hydra
  2022 | D        | Killed a seven-headed hydra
  2022 | D        | Reached skill level 15 in Armour
  2235 | D        | Killed a four-headed hydra
  2237 | D        | Noticed a death drake
  2241 | D        | Killed a death drake
  2253 | D        | Noticed a death drake
  2262 | D        | Killed a death drake
  2262 | D        | Reached XP level 11. HP: 91/114 MP: 10/10
  2369 | D        | Found a blossoming altar of Fedhas.
  2369 | D        | Noticed a spriggan druid
  2375 | D        | Reached skill level 15 in Dodging
  2447 | D        | Killed a spriggan druid
  2451 | D        | Received a gift from Trog
  2963 | D        | Noticed Rupert
  2970 | D        | Killed Rupert
  3026 | D        | Noticed a death yak
  3027 | D        | Noticed a death yak
  3031 | D        | Noticed a death yak
  3034 | D        | Noticed a death yak
  3034 | D        | Killed a death yak
  3034 | D        | Received a gift from Trog
  3039 | D        | Killed a death yak
  3043 | D        | Killed a death yak
  3046 | D        | Killed a death yak
  3084 | D        | Received a gift from Trog
  3084 | D        | Reached XP level 12. HP: 62/128 MP: 11/11
  3089 | D        | Noticed an azure jelly
  3089 | D        | Noticed an azure jelly
  3090 | D        | Noticed an azure jelly
  3090 | D        | Noticed an azure jelly
  3316 | D        | Noticed a kraken
  3432 | D        | Noticed a dire elephant
  3432 | D        | Noticed a dire elephant
  3432 | D        | Noticed Gastronok
  3437 | D        | Killed a dire elephant
  3440 | D        | Killed a dire elephant
  3445 | D        | Killed Gastronok
  3445 | D        | Received a gift from Trog
  3462 | D        | Killed an azure jelly
  3465 | D        | Killed an azure jelly
  3466 | D        | Slain by an azure jelly

Vault maps used:
D:        dungeon_sprint_mu

Skill      XL: |  1  2  3  4  5  6  7  8  9 10 11 12 |
---------------+-------------------------------------+-----
Maces & Flails | 7 8 9 12 13 14 | 14.0
Fighting       | 4 8 9 12 14 16 18 19 | 19.9
Armour         | 3 7 8 9 11 13 16 18 19 | 19.8
Dodging        | 3 6 7 8 11 12 14 17 18 | 18.5

Action                   |  1- 3 |  4- 6 |  7- 9 | 10-12 || total
-------------------------+-------+-------+-------+-------++-------
Melee: Mace              |    18 |     4 |    18 |       ||    40
       Headbutt          |     3 |     2 |    22 |    38 ||    65
       Dire flail        |       |       |    44 |    22 ||    66
       Great mace        |       |       |       |   116 ||   116
Invok: Berserk           |     2 |     2 |     7 |     5 ||    16
       Trog's Hand       |       |     1 |       |     1 ||     2
       Brothers in Arms  |       |       |       |     2 ||     2
  Use: Potion            |       |     2 |       |     2 ||     4
       Scroll            |       |       |     4 |     1 ||     5
 Stab: Sleeping          |     1 |       |       |     3 ||     4
  Eat: Chunk             |       |     2 |     8 |    11 ||    21
       Fruit             |       |       |       |     1 ||     1
Armor: Animal skin       |     1 |       |     1 |     1 ||     3
       Ring mail         |       |       |       |    17 ||    17
Dodge: Dodged            |     5 |     2 |    35 |   142 ||   184
